 Dungeon Crawl Stone Soup version 0.26.0-10-g1f06aea511 (webtiles) character file.

Game seed: 7814997055396678162

1090 tsouns the Chopper (level 8, -1/73 HPs)
             Began as a Hill Orc Abyssal Knight on Jan 22, 2021.
             Was an Elder of Lugonu.
             Slain by a two-headed ogre
             ... wielding a +0 giant spiked club
              (10 damage)
             ... on level 6 of the Dungeon.
             The game lasted 00:10:00 (7318 turns).

tsouns the Chopper (Hill Orc Abyssal Knight)        Turns: 7318, Time: 00:10:01

Health: -1/73      AC: 12    Str: 17    XL:     8   Next: 31%
Magic:  13/13      EV:  7    Int: 12    God:    Lugonu [****..]
Gold:   349        SH:  7    Dex: 10    Spells: 7/7 levels left

rFire    . . .     SeeInvis .   a - +1 hand axe
rCold    + . .     Faith    .   t - +0 kite shield
rNeg     . . .     Spirit   .   A - +2 ring mail {rC+}
rPois    .         Reflect  .   j - +1 helmet
rElec    .         Harm     .   g - +1 cloak
rCorr    .         Rampage  .   h - +0 pair of gloves
Will     .....                  (no boots)
Stlth    ..........             (no amulet)
HPRegen  0.22/turn              (no ring)
MPRegen  0.13/turn              (no ring)

@: mighty
A: no striking features
a: Renounce Religion, Depart the Abyss, Bend Space, Banish, Corrupt


You were on level 6 of the Dungeon.
You worshipped Lugonu.
Lugonu was greatly pleased with you.
You visited 1 branch of the dungeon, and saw 6 of its levels.
You visited the Abyss 1 time.

You collected 349 gold pieces.

Inventory:

Hand Weapons
 a - a +1 hand axe (weapon)
Missiles
 f - 2 throwing nets
 l - 6 datura-tipped darts
 q - 16 poisoned darts (quivered)
Armour
 b - a +0 leather armour
 d - a scarf of invisibility
 e - a +0 chain mail
 g - a +1 cloak (worn)
 h - a +0 pair of gloves (worn)
 j - a +1 helmet (worn)
 t - a +0 kite shield (worn)
 A - a +2 ring mail of cold resistance (worn)
Wands
 v - a wand of polymorph (7)
 y - a wand of paralysis (9)
Scrolls
 n - 3 scrolls of teleportation
 o - 2 scrolls of enchant armour
 p - 3 scrolls of remove curse
Potions
 c - a potion of ambrosia
 i - a potion of lignification
 k - 2 potions of mutation
 m - 4 potions of curing
 r - 2 potions of brilliance {unknown}
 s - 2 potions of attraction {unknown}
 w - a potion of haste
 x - 2 potions of flight
 z - a potion of heal wounds {unknown}


   Skills:
 + Level 7.4 Fighting
 + Level 7.6 Axes
 - Level 2.1 Armour
 - Level 0.7 Dodging
 + Level 7.6 Invocations


You had 7 spell levels left.
You didn't know any spells.
Your spell library was empty.

Dungeon Overview and Level Annotations

Branches:
Dungeon (6/15)
 Temple: D:4-7

Altars:
Cheibriados
Fedhas
Kikubaaqudgha
Makhleb
Qazlal
Vehumet

Annotations:
D:6 1 runed translucent door


Message History

Level annotation: 1 runed translucent door The two-headed ogre hits you with a +0 giant spiked club.
The two-headed ogre hits you with a +0 giant club!
There is a stone staircase leading up, spattered with blood here.
You hit the two-headed ogre but do no damage.
The two-headed ogre hits you with a +0 giant spiked club.
The two-headed ogre hits you with a +0 giant club!
You slash the two-headed ogre!
The two-headed ogre is lightly wounded.
You block the two-headed ogre's attack.
The two-headed ogre hits you with a +0 giant club!
You slash the two-headed ogre!
The two-headed ogre is moderately wounded.
You block the two-headed ogre's attack. The two-headed ogre closely misses you.
Your shield prevents you from hitting the two-headed ogre.
The two-headed ogre is moderately wounded.
The two-headed ogre hits you with a +0 giant spiked club!!
* * * LOW HITPOINT WARNING * * *
The two-headed ogre hits you with a +0 giant club!
You die...

#!.......#
#.(......#
#........#
#...(.#.## #.
## #.....#.##
#.# .#
#######..#
#.# .# ##.#
#.. .#
#(###.###.#
#..##.#@#.#
####.##.#.O.#
#.....#....##
#....O#.##.#
#.....#)##.#
#..........#
#....#..####
###.......
#....>....


You could see a two-headed ogre.

Vanquished Creatures
  Grinder (D:5)
  A sky beast (D:5)
  2 ogres
  A bullfrog (D:5)
  A scorpion (D:4)
  A crimson imp (D:3)
  A bullfrog zombie (D:5)
  2 jellies (D:5)
  A hound (D:5)
  An orc priest (D:3)
  A bullfrog skeleton (D:4)
  A worker ant (D:4)
  2 gnolls (D:2)
  A howler monkey skeleton (D:5)
  12 adders
  2 white imps
  2 oozes (D:3)
  2 worms
  2 dart slugs (D:3)
  A leopard gecko (D:2)
  13 orcs
  2 ball pythons
  6 giant cockroaches
  7 goblins
  9 hobgoblins
  10 jackals (D:3)
  12 bats
  4 frilled lizards
  16 kobolds
  19 rats
136 creatures vanquished.

Vanquished Creatures (others)
  A gnoll (D:2)
  3 plants (D:4)
  A withered plant (D:5)
5 creatures vanquished.

Grand Total: 141 creatures vanquished

Notes
Turn   | Place    | Note
-------+----------+-------------------------------------------
     0 | Abyss:1  | tsouns the Hill Orc Abyssal Knight began the quest for the
                  | Orb.
     0 | Abyss:1  | Reached XP level 1. HP: 19/19 MP: 2/2
     8 | D:1      | Escaped the Abyss
   137 | D:1      | Reached XP level 2. HP: 27/27 MP: 4/4
   350 | D:1      | Reached ** piety under Lugonu
   515 | D:1      | Reached XP level 3. HP: 33/33 MP: 5/5
  1386 | D:2      | Reached XP level 4. HP: 40/41 MP: 6/6
  1567 | D:2      | HP: 1/41 [gnoll/+0 halberd (8)]
  2359 | D:2      | Reached XP level 5. HP: 47/47 MP: 8/8
  2567 | D:3      | Reached *** piety under Lugonu
  2684 | D:3      | Reached skill level 5 in Fighting
  2956 | D:3      | Found a burning altar of Makhleb.
  2957 | D:3      | Found a radiant altar of Vehumet.
  2966 | D:3      | Reached skill level 5 in Axes
  2966 | D:3      | Reached skill level 5 in Invocations
  2966 | D:3      | Reached XP level 6. HP: 44/56 MP: 9/9
  3052 | D:3      | Found a snail-covered altar of Cheibriados.
  4718 | D:4      | Reached **** piety under Lugonu
  5471 | D:5      | Entered Level 5 of the Dungeon
  5500 | D:5      | Reached XP level 7. HP: 38/63 MP: 11/11
  5828 | D:5      | Found a blossoming altar of Fedhas.
  6232 | D:5      | Noticed Grinder
  6246 | D:5      | Killed Grinder
  6478 | D:5      | Reached XP level 8. HP: 64/73 MP: 13/13
  6616 | D:5      | Found an ancient bone altar of Kikubaaqudgha.
  6704 | D:5      | Found a stormy altar of Qazlal.
  6892 | D:6      | Found a runed translucent door.
  6892 | D:6      | Noticed a two-headed ogre
  7318 | D:6      | Slain by a two-headed ogre

Illustrated notes

Levels and vault maps discovered:
D:1:      eino_arrival_tree_alley, layout_loops_ring
D:2:      layout_loops_corners, minmay_bisected
D:3:      minmay_thinvault, layout_basic,
          grunt_temple_overflow_lords_of_destruction, cheibriados_altar_1
D:4:      layout_cave_pods, serial_bayou_crossing
D:5:      layout_loops_cross, kiku_gazebo_garden_becter, fedhas_altar_2,
          chequers_serial_rivers_micro_d, minmay_misc_feat_alley,
          grunt_qazlal_sundering, uniq_grinder
D:6:      layout_basic, grunt_temple_overflow_diamond,
          minmay_temple_entry_antechambers, basic_altar, ebering_ghost_sewer_d

Skill      XL: |  1  2  3  4  5  6  7 |
---------------+----------------------+-----
Axes           | 3 4 5 6 7 |  7.6
Invocations    | 3 4 5 6 7 |  7.6
Fighting       | 4 5 6 7 |  7.4
Armour         | |  2.1
Dodging        | |  0.7

Action                   |  1- 3 |  4- 6 |  7- 9 || total
-------------------------+-------+-------+-------++-------
Melee: Hand axe          |   120 |   301 |   113 ||   534
Throw: Dart              |       |     1 |    16 ||    17
Evoke: Wand              |       |     1 |     2 ||     3
  Use: Scroll            |       |    15 |     3 ||    18
       Potion            |       |     2 |     2 ||     4
 Stab: Paralysed         |       |     3 |     5 ||     8
Armor: Leather armour    |    12 |       |       ||    12
       Chain mail        |    68 |   191 |    18 ||   277
       Ring mail         |       |       |    29 ||    29
Dodge: Dodged            |    42 |    78 |    31 ||   151
Block: Kite shield       |       |    69 |    33 ||   102
